 Dungeon Crawl Stone Soup version 0.31-a0-177-g4aa6249778 (webtiles) character file.

Game seed: 15448152491522547201

52 Darkkill the Shooter (level 3, 0/31 HPs)
             Began as a Minotaur Hunter on June 18, 2023.
             Slain by an orc wizard
             ... wielding a +0 dagger
              (1 damage)
             ... on level 3 of the Dungeon.
             The game lasted 00:02:56 (1368 turns).

Darkkill the Shooter (Minotaur Hunter)              Turns: 1368, Time: 00:02:57

Health: 0/31       AC:  5    Str: 15    XL:     3   Next: 60%
Magic:  2/2        EV: 12    Int:  6    God:
Gold:   387        SH:  0    Dex: 15    Spells: 2/2 levels left

rFire   . . .        a - +2 shortbow
rCold   . . .        (shield currently unavailable)
rNeg    . . .        c - +0 leather armour
rPois   .            (helmet restricted)
rElec   .            h - +0 cloak
rCorr   .            (no gloves)
SInv    .            j - +0 pair of boots {rampage}
Will    .....        (no amulet)
Stlth   ++           (no ring)
HPRegen 0.25/turn    (no ring)
MPRegen 0.08/turn

%: rampage
@: no status effects
A: horns 2, retaliatory headbutt
a: no special abilities


You were on level 3 of the Dungeon.
You visited 1 branch of the dungeon, and saw 3 of its levels.

You collected 387 gold pieces.

Inventory:

Hand Weapons
 a - a +2 shortbow (weapon)
Missiles
 f - 40 stones
 n - 6 javelins
Armour
 c - a +0 leather armour (worn)
 h - a +0 cloak (worn)
 j - a +0 pair of boots of rampaging (worn)
Jewellery
 i - an amulet of magic regeneration
Scrolls
 b - a scroll of butterflies
 g - 2 scrolls of teleportation
Potions
 k - a potion of degeneration
 m - a potion of mutation


   Skills:
 + Level 3.2 Fighting
 + Level 4.8 Ranged Weapons
 + Level 2.9 Dodging
 + Level 1.6 Stealth


You had 2 spell levels left.
You didn't know any spells.
Your spell library was empty.

Dungeon Overview and Level Annotations

Branches:
Dungeon (3/15)

Altars:
Vehumet
Xom

Shops:
D:1 (![((


Innate Abilities, Weirdness & Mutations

You have a pair of horns on your head.
You reflexively headbutt those who attack you in melee.


Message History

The orc wizard is heavily wounded.
An orc comes into view. It is wielding a +0 short sword.
You shoot an arrow. The arrow hits the orc!
You kill the orc!
You shoot an arrow. The arrow hits the orc wizard.
The orc wizard is heavily wounded.
The orc wizard mumbles some strange words.
The orc wizard flickers and vanishes!
Deactivating autopickup; reactivate with Ctrl-A.
You shoot an arrow.
The arrow hits the orc wizard but does no damage.
The orc wizard casts a spell at you. You resist with significant effort.
You shoot an arrow. The arrow barely misses the orc wizard.
The arrow hits the orc but does no damage.
The orc wizard hits you but does no damage.
You shoot an arrow.
The arrow closely misses the orc wizard.
The arrow hits the orc.
The orc is almost dead.
The orc wizard misses you. Something hits you.
You shoot an arrow. The arrow hits the orc!
You kill the orc!
The orc wizard misses you. You furiously retaliate!
You headbutt the orc wizard! Something hits you.
The orc wizard hits you with a +1 dagger of electrocution.
You are electrocuted!
Something hits you but does no damage. The orc hits you but does no damage.
You are too injured to fight recklessly!
You are too injured to fight recklessly!
You are too injured to fight recklessly!
You are too injured to fight recklessly!
You are too injured to fight recklessly!
You are too injured to fight recklessly!
You are too injured to fight recklessly!
You are too injured to fight recklessly!
You are too injured to fight recklessly!
You are too injured to fight recklessly!
You are too injured to fight recklessly!
You are too injured to fight recklessly!
You are too injured to fight recklessly!
You are too injured to fight recklessly!
You are too injured to fight recklessly!
You shoot an arrow. The arrow barely misses the orc wizard.
Something hits you but does no damage. The orc hits you but does no damage.
The orc wizard hits you with a +1 dagger of electrocution.
You shoot an arrow.
The arrow closely misses the orc wizard.
Something hits you. The orc misses you. The orc wizard closely misses you.
You shoot an arrow.
The arrow closely misses the orc wizard.
Something hits you. The orc barely misses you.
The orc wizard hits you with a +1 dagger of electrocution.
You shoot an arrow.
The arrow hits the orc wizard but does no damage.
The orc wizard is heavily wounded.
Something hits you.
* * * LOW HITPOINT WARNING * * *
The orc hits you with a +0 short sword.
* * * LOW HITPOINT WARNING * * *
The orc wizard casts a spell at you. The puff of flame misses you.
You shoot an arrow.
The arrow closely misses the orc wizard.
The orc wizard points at you and mumbles some strange words.
You resist with significant effort. Something hits you.
* * * LOW HITPOINT WARNING * * *
The orc completely misses you. You furiously retaliate!
You headbutt the orc!
You kill the orc!
Unknown command.
You feel better.
The orc wizard points at you and mumbles some strange words.
The magic dart hits you.
* * * LOW HITPOINT WARNING * * *
Something hits you but does no damage.
You feel better. The orc wizard completely misses you. Something hits you.
You feel better.
The orc wizard hits you with a +1 dagger of electrocution.
Something hits you but does no damage.
You shoot an arrow.
The arrow closely misses the orc wizard.
The orc wizard hits you but does no damage.
You are electrocuted!
* * * LOW HITPOINT WARNING * * *
Something hits you.
* * * LOW HITPOINT WARNING * * *
The orc wizard completely misses you. Something hits you.
* * * LOW HITPOINT WARNING * * *
You shoot an arrow.
The arrow closely misses the orc wizard.
The orc wizard gestures at you while chanting.
The magic dart hits you.
* * * LOW HITPOINT WARNING * * *
Something hits you.
* * * LOW HITPOINT WARNING * * *
You shoot an arrow.
The arrow closely misses the orc wizard.
The orc wizard hits you but does no damage.
Something hits you.
You die...

#.#.# #.......# ....
#...###..#...###....
###.................
.......####.####......#
.......##.....##.....
.......#.......#... .
.......#.......#.# ...
...)......._.....##.)...
.......#.......#@o).....
.......#.......#.)..##..
.. ##.....##....#
###.####....# ... .....#
#... .....# #.. ......
......##


You could see an orc wizard.

Vanquished Creatures
  An adder (D:3)
  A worm (D:2)
  A dart slug (D:2)
  4 orcs (D:3)
  3 endoplasms (D:1)
  2 goblins (D:1)
  2 hobgoblins
  7 kobolds
  A quokka (D:1)
  5 ball pythons
  2 bats (D:2)
  3 rats
32 creatures vanquished.

Notes
Turn   | Place    | Note
-------+----------+-------------------------------------------
     0 | D:1      | Darkkill the Minotaur Hunter began the quest for the Orb.
     0 | D:1      | Reached XP level 1. HP: 18/18 MP: 0/0
    23 | D:1      | Found Fooxoef's Antique Armour Shop.
    48 | D:1      | Found Jos Zuol's Antique Weapon Boutique.
    73 | D:1      | Found Fiojang's Weapon Shoppe.
   153 | D:1      | Reached skill level 1 in Stealth
   209 | D:1      | Found Alyjim's Distillery.
   214 | D:1      | Reached XP level 2. HP: 25/25 MP: 1/1
   429 | D:1      | Found a faded altar of an unknown god.
   451 | D:1      | Found Qoegh's Weapon Shop.
   904 | D:2      | Reached XP level 3. HP: 31/31 MP: 2/2
  1054 | D:2      | Found a radiant altar of Vehumet.
  1275 | D:2      | Identified a scroll of acquirement
  1275 | D:2      | Acquired 332 gold pieces
  1339 | D:3      | Found a shimmering altar of Xom.
  1361 | D:3      | HP: 3/31 [orc/+0 short sword (4)]
  1362 | D:3      | HP: 1/31 [something (3)]
  1367 | D:3      | HP: 3/31 [orc wizard/magic dart (1)]
  1367 | D:3      | HP: 1/31 [something (2)]
  1368 | D:3      | Slain by an orc wizard

Illustrated notes

Levels and vault maps discovered:
D:1:      minmay_arrival_four_loops, layout_basic,
          hellmonk_ecumenical_altar_prayer_group, serial_shops,
          nicolae_diamond_shop, shop, nicolae_shop_statue_plus,
          nicolae_shop_back_alley_shop, shop
D:2:      layout_loops_ring, basic_altar
D:3:      kennysheep_goblin_castle, layout_basic, old_standard_altar,
          mainiacjoe_overflow_small_starburst, serial_bayou_pond_e,
          uniq_crazy_yiuf_cottage

Skill      XL: |  1  2 |
---------------+-------+-----
Stealth        | 1 |  1.6
Fighting       | 3 |  3.2
Ranged Weapons | |  4.8
Dodging        | |  2.9

Action                     || total
---------------------------++-------
   Fire: Shortbow          ||    84
    Use: Scroll            ||     7
         Potion            ||     3
 Armour: Leather armour    ||    16
  Dodge: Dodged            ||    20

Table legend: (Time is in decaauts)
 A = Elapsed time spent in this place.
 B = Non-inter-level travel time spent in this place.
 C = Inter-level travel time spent in this place.
 D = Time resting spent in this place.
 E = Time spent auto-exploring this place.
 F = Levels seen in this place.
 G = Mean time per level.
                   A        B        C        D        E       F      G
               +--------+--------+--------+--------+--------+-----+--------+
         Total |   1383 |   1320 |     63 |      0 |   1129 |   3 |  461.0 |
       Dungeon |   1383 |   1320 |     63 |      0 |   1129 |   3 |  461.0 |
               +--------+--------+--------+--------+--------+-----+--------+

Top non-repeatable levels by time:
     D:1: 706 daAuts
     D:2: 601 daAuts
     D:3: 74 daAuts

Levels and vault maps discovered:
D:1:      minmay_arrival_four_loops, layout_basic,
          hellmonk_ecumenical_altar_prayer_group, serial_shops,
          nicolae_diamond_shop, shop, nicolae_shop_statue_plus,
          nicolae_shop_back_alley_shop, shop
D:2:      layout_loops_ring, basic_altar
D:3:      kennysheep_goblin_castle, layout_basic, old_standard_altar,
          mainiacjoe_overflow_small_starburst, serial_bayou_pond_e,
          uniq_crazy_yiuf_cottage

Table legend: (Time is in decaauts)
 A = Elapsed time spent in this place.
 B = Non-inter-level travel time spent in this place.
 C = Inter-level travel time spent in this place.
 D = Time resting spent in this place.
 E = Time spent auto-exploring this place.
 F = Levels seen in this place.
 G = Mean time per level.
                   A        B        C        D        E       F      G
               +--------+--------+--------+--------+--------+-----+--------+
         Total |   1383 |   1320 |     63 |      0 |   1129 |   3 |  461.0 |
       Dungeon |   1383 |   1320 |     63 |      0 |   1129 |   3 |  461.0 |
               +--------+--------+--------+--------+--------+-----+--------+

Top non-repeatable levels by time:
     D:1: 706 daAuts
     D:2: 601 daAuts
     D:3: 74 daAuts

Table legend:
 A = Kills in this place as a percentage of kills in the entire game.
 B = Kills by you in this place as a percentage of kills by you in the entire game.
 C = Kills by friends in this place as a percentage of kills by friends in the entire game.
 D = Other kills in this place as a percentage of other kills in the entire game.
 E = Experience gained in this place as a percentage of experience gained in the entire game.
 F = Experience gained in this place divided by the number of levels of this place that you have seen.
                   A       B       C       D       E      F
               +-------+-------+-------+-------+-------+----------------------
         Total | 100.0 | 100.0 |   N/A |   N/A | 100.0 |  25.0
       Dungeon | 100.0 | 100.0 |   N/A |   N/A | 100.0 |  25.0
               +-------+-------+-------+-------+-------+----------------------
